 Dungeon Crawl Stone Soup version 0.20.1-1-g8b1a95d (webtiles) character file.

140417 ThePrince the Brawler (level 16, -5/159 HPs)
             Began as a Troll Fighter on Aug 8, 2017.
             Was a High Priest of Makhleb.
             Slain by the 26-headed Lernaean hydra (12 damage)
             ... on level 4 of the Swamp on Aug 9, 2017.
             The game lasted 02:38:36 (28572 turns).

ThePrince the Brawler (Troll Fighter)              Turns: 28572, Time: 02:38:37

Health: -5/159     AC: 22    Str: 27    XL:     16   Next: 75%
Magic:  23/23      EV: 13    Int:  4    God:    Makhleb [*****.]
Gold:   997        SH: 20    Dex: 18    Spells: 15/15 levels left

rFire    + + +     SeeInvis .     - Unarmed
rCold    x . .     Gourm    +   j - +1 large shield
rNeg     . . .     Faith    .   G - +0 fire dragon scales
rPois    +         Spirit   .   E - +1 hat
rElec    .         Reflect  .   H - +2 cloak {+Inv}
rCorr    .         Harm     .   (gloves unavailable)
MR       ++...                  (boots unavailable)
Stlth    +.........             W - amulet "Fupoff" {rF+ Regen+ Stlth+}
Regen    1.2/turn               h - ring of protection from magic
MPRegen  0.2/turn               b - ring "Ypad" {rPois Dex+5}

@: studying Armour
A: unfitting armour, claws 3, thin metallic scales 1, blink, fast metabolism 3,
gourmand, regeneration 1, shaggy fur 1, tough skin 2, weak 1, wild magic 1
a: Blink, Minor Destruction, Lesser Servant of Makhleb, Major Destruction,
Greater Servant of Makhleb, Renounce Religion, Evoke Invisibility


You were on level 4 of the Swamp.
You worshipped Makhleb.
Makhleb was extremely pleased with you.
You were not hungry.

You visited 5 branches of the dungeon, and saw 28 of its levels.
You also visited: Labyrinth and Ice Cave.

You collected 2948 gold pieces.
You spent 1951 gold pieces at shops.

Inventory:

Hand Weapons
 y - a +1 scythe of flaming
Missiles
 i - 4 throwing nets
 o - 7 large rocks (quivered)
Armour
 j - a +1 large shield (worn)
 E - a +1 hat (worn)
 G - +0 fire dragon scales (worn)
 H - a +2 cloak of invisibility (worn)
Jewellery
 a - the amulet of Ecwix {+Rage rN+ MP+9 Str+3}
   (You found it in a labyrinth)

   [amulet of rage]

   It affects your strength (+3).
   It protects you from negative energy.
   It affects your magic capacity (+9).
   It lets you go berserk.
 b - the ring "Ypad" (right claw) {rPois Dex+5}
   (You found it in a labyrinth)

   [ring of poison resistance]

   It affects your dexterity (+5).
   It protects you from poison.
 h - a ring of protection from magic (left claw)
 p - a +3 ring of intelligence
 w - an uncursed ring of protection from fire
 B - an uncursed ring of positive energy
 C - an uncursed ring of wizardry
 F - an uncursed ring of protection from cold
 W - the amulet "Fupoff" (around neck) {rF+ Regen+ Stlth+}
   (You found it on level 2 of the Lair of Beasts)

   [amulet of regeneration]

   It protects you from fire.
   It increases your rate of regeneration.
   It makes you more stealthy.
Scrolls
 c - a scroll of recharging
 k - 7 scrolls of magic mapping
 l - 17 scrolls of remove curse
 n - 3 scrolls of fear
 s - 3 scrolls of blinking
 t - 7 scrolls of amnesia
 v - 15 scrolls of teleportation
 x - a scroll of holy word
 J - 2 scrolls of fog
 K - a scroll of enchant weapon
 N - a scroll of summoning
 X - a scroll of enchant armour
 Y - a scroll of vulnerability
Potions
 e - 4 potions of lignification
 g - 3 potions of agility
 m - 5 potions of mutation
 q - 13 potions of curing
 u - 5 potions of cancellation
 z - 3 potions of flight
 A - 2 potions of resistance
 I - a potion of haste {unknown}
 L - 4 potions of berserk rage
 S - 3 potions of invisibility
 T - 3 potions of heal wounds
 V - a potion of ambrosia
Books
 D - a manual of
Armour
 M - a book of Minor Magic

   Spells                             Type                      Level
   a - Magic Dart                     Conjuration                  1
   b - Blink                          Translocation                2
   c - Call Imp                       Summoning                    2
   d - Slow                           Hexes                        2
   e - Conjure Flame                  Conjuration/Fire             3
   f - Mephitic Cloud                 Conjuration/Poison/Air       3
Comestibles
 d - 12 bread rations
 f - 12 royal jellies
 r - 12 meat rations
 O - 5 chunks of flesh
 Q - 21 fruits


   Skills:
 + Level 10.4 Fighting
 - Level 2.0 Throwing
 * Level 12.5 Armour
 - Level 9.3 Dodging
 + Level 10.3 Shields
 * Level 16.1 Unarmed Combat
 + Level 11.1 Invocations


You had 15 spell levels left.
You didn't know any spells.

Dungeon Overview and Level Annotations

Branches:
Dungeon (15/15)            Temple (1/1) D:6            Lair (6/6) D:11
  Swamp (4/4) Lair:4        Snake (0/4) Lair:4        Slime (0/5) Lair:5
    Orc (2/2) D:9             Elf (0/3) Orc:2        Vaults (0/5) D:13
 Depths (0/5) D:15

Altars:
Ashenzari
Cheibriados
Dithmenos
Elyvilon
Fedhas
Gozag
Hepliaklqana
Kikubaaqudgha
Makhleb
Nemelex Xobeh
Okawaru
Qazlal
Ru
Sif Muna
Trog
Uskayaw
Vehumet
Xom
Yredelemnul
Zin
The Shining One
Beogh
Jiyva
Lugonu

Shops:
D:9 :   D:12 =   Orc:2 (!}:

Annotations:
Swamp:4 Lernaean hydra


Innate Abilities, Weirdness & Mutations

You are too large for most types of armour.
You have claws for hands.
Your metabolism is lightning-fast.
You like to eat raw meat.
Your natural rate of healing is unusually fast.
You are covered in fur. (AC +1)
You have very tough skin. (AC +2)
You are partially covered in thin metallic scales. (AC +2)
You can translocate small distances at will.
You are weak. (Str -2)
Your spells are a little harder to cast, but a little more powerful.


Message History

The 26-headed Lernaean hydra closely misses you.
You block the 26-headed Lernaean hydra's attack.
The 26-headed Lernaean hydra bites you.
The 26-headed Lernaean hydra bites you but does no damage.
The 26-headed Lernaean hydra misses you.
The 26-headed Lernaean hydra bites you but does no damage. x2
The 26-headed Lernaean hydra bites you!
* * * LOW HITPOINT WARNING * * *
The 26-headed Lernaean hydra bites you!
* * * LOW HITPOINT WARNING * * *
The 26-headed Lernaean hydra bites you.
* * * LOW HITPOINT WARNING * * *
You block the 26-headed Lernaean hydra's attack.
The 26-headed Lernaean hydra bites you!
* * * LOW HITPOINT WARNING * * *
The 26-headed Lernaean hydra bites you!
* * * LOW HITPOINT WARNING * * *
The 26-headed Lernaean hydra barely misses you.
The 26-headed Lernaean hydra bites you!
You die...

≈(≈[..≈ ≈≈≈≈≈≈. ≈≈.≈≈≈
.≈≈≈≈≈≈§≈. ♣♣ ≈§≈≈≈ ##
≈≈≈≈≈≈≈..( ♣. ≈≈≈.#.≈≈
.≈≈≈..≈≈.. ♣♣. ##≈§§§≈≈#
...≈≈≈.≈≈.♣♣♣.######§#§§.§#
....♣♣♣♣.≈.≈♣..2##k#D#≈§≈≈#.#
.PP≈.♣♣≈...≈.≈..@DDDD...≈...[
PP≈≈........†...≈##≈.≈≈.≈##.#
≈≈≈§........≈♣≈#####≈≈≈≈≈≈≈≈≈
..≈≈≈♣♣♣...≈≈♣♣.≈ ###≈≈####≈
♣.≈≈≈[.≈....♣♣♣♣♣.≈ ###
≈.≈≈..≈.≈≈.≈.≈♣♣♣ ♣♣
≈≈≈≈..♣♣≈.#.♣♣§≈♣♣
≈≈≈≈§≈♣......♣≈.≈♣♣♣♣♣♣♣♣♣♣
≈≈≈≈.♣♣♣≈....#...♣♣..♣♣.♣≈♣


You could see the 26-headed Lernaean hydra, an eight-headed hydra, 3 swamp
dragons, a swamp drake and a friendly green death.

Vanquished Creatures
  Rupert (D:12)
  2 thorn hunters
  A frost giant (IceCv)
  The ghost of shugdite the Fencer, a journeyman MiFi of Okawaru (D:13)
  Snorg (D:11)
  An ettin (Orc:1)
  A minotaur (Lab)
  2 fire dragons
  11 hydras
  2 vault guards (D:13)
  A ghost crab (Swamp:2)
  Erolcha (Orc:2)
  An ice dragon (D:15)
  7 alligators
  2 death knights
  Harold (D:11)
  3 centaur warriors (D:15)
  6 two-headed ogres
  2 ogre magi (Orc:2)
  3 tengu warriors
  3 death yaks
  Urug (D:13)
  6 unseen horrors
  9 swamp dragons
  2 shambling mangroves
  3 wizards
  A phantasmal warrior (D:14)
  Pikel (D:6)
  2 orc knights
  17 ugly things
  10 orc sorcerers
  2 manticores
  3 cyclopes
  12 elephants
  3 black mambas
  Psyche (D:9)
  2 torpor snails
  An ice statue (IceCv)
  3 gargoyles
  10 spiny frogs
  A kobold demonologist (D:15)
  An efreet (D:14)
  A freezing wraith (D:14)
  6 rime drakes
  7 komodo dragons
  A tengu conjurer (D:14)
  2 trolls
  15 polar bears
  5 tyrant leeches
  8 hornets
  12 blink frogs
  Grinder (D:5)
  5 bog bodies
  29 slime creatures
  8 dream sheep
  7 hippogriffs
  A meliai zombie (D:14)
  Sigmund (D:4)
  3 shadows
  4 spriggans
  2 wraiths
  3 wyverns
  Eustachio (D:5)
  39 yaks
  5 basilisks
  18 humans (D:13)
  Menkaure (D:5)
  8 hungry ghosts
  4 steam dragons
  14 vampire mosquitoes
  A warg (Orc:1)
  4 nagas (Lair:4)
  12 swamp worms
  Edmund (D:5)
  An acid dragon (D:13)
  5 insubstantial wisps (Swamp:4)
  A soldier ant (D:15)
  14 water moccasins
  6 porcupines
  17 orc warriors
  13 ice beasts
  12 swamp drakes
  2 black bears
  4 sky beasts
  4 slaves (D:6)
  A phantom (D:6)
  An eye of draining (D:11)
  35 wolves
  13 ogres
  25 centaurs
  7 crocodiles
  9 big kobolds
  21 bullfrogs
  A wyvern zombie (D:13)
  2 gnoll sergeants (D:8)
  A wyvern skeleton (D:12)
  6 scorpions
  26 killer bees
  8 wights
  4 howler monkeys (D:6)
  8 crimson imps
  3 bullfrog zombies
  A quasit (D:8)
  2 centaur zombies
  2 jellies
  10 hounds
  2 bullfrog skeletons
  41 orc wizards
  Crazy Yiuf (D:7)
  2 gnoll shamans
  11 orc priests
  3 centaur skeletons
  4 iguanas
  Natasha (thrice) (D:3)
  9 worker ants
  2 hound zombies
  A hound skeleton (D:7)
  A worker ant zombie (D:9)
  8 adders
  20 gnolls
  6 shadow imps
  A white imp (D:12)
  An ufetubus (D:12)
  2 oozes
  An adder skeleton (D:6)
  An adder zombie (D:9)
  3 worms
  6 dart slugs
  9 leopard geckos
  77 orcs
  2 bat zombies (D:2)
  7 giant cockroaches
  7 goblins
  12 hobgoblins
  7 jackals
  30 kobolds
  5 quokkas
  A ball python (D:1)
  3 bats
  4 frilled lizards
  A leopard gecko skeleton (D:4)
  2 quokka skeletons
  9 rats
  2 rat zombies (D:2)
  6 briar patches
  3 plants
954 creatures vanquished.

Vanquished Creatures (collateral kills)
  15 hydras
  2 swamp dragons (Swamp:4)
  A necromancer (D:13)
  A tyrant leech (Swamp:4)
  A hippogriff (Lair:6)
  A yak (Lair:5)
  A basilisk (Lair:5)
  2 vampire mosquitoes (Swamp:1)
  A swamp worm (Lair:4)
  A black bear (D:11)
  2 wolves (Lair:6)
  A butterfly (Lair:4)
29 creatures vanquished.

Vanquished Creatures (others)
  A thorn hunter (Swamp:3)
  A wolf (IceCv)
  An orc wizard (Orc:2)
  10 briar patches
  22 fungi
  12 plants
47 creatures vanquished.

Grand Total: 1030 creatures vanquished

Notes
Turn   | Place    | Note
-------+----------+-------------------------------------------
     0 | D:1      | ThePrince the Troll Fighter began the quest for the Orb.
     0 | D:1      | Reached XP level 1. HP: 22/22 MP: 0/0
   147 | D:1      | Reached XP level 2. HP: 28/29 MP: 1/1
   412 | D:1      | Reached XP level 3. HP: 33/36 MP: 2/2
  1044 | D:2      | Found a hide-covered altar of Uskayaw.
  1045 | D:2      | Noticed a hand axe
  1045 | D:2      | Noticed a hand axe
  1369 | D:2      | Found an iron altar of Okawaru.
  1377 | D:2      | Reached XP level 4. HP: 43/44 MP: 3/3
  1535 | D:2      | Reached skill level 3 in Unarmed Combat
  1663 | D:2      | Found an ancient bone altar of Kikubaaqudgha.
  1763 | D:3      | Noticed Natasha
  1771 | D:3      | Killed Natasha
  1771 | D:3      | Reached XP level 5. HP: 44/53 MP: 4/4
  1859 | D:3      | Noticed Natasha
  1867 | D:3      | Killed Natasha
  1936 | D:3      | Found a basalt altar of Yredelemnul.
  2053 | D:3      | Noticed Natasha
  2058 | D:3      | Killed Natasha
  2188 | D:3      | Found a shattered altar of Ashenzari.
  2283 | D:4      | Reached skill level 4 in Unarmed Combat
  2283 | D:4      | Reached XP level 6. HP: 60/61 MP: 5/5
  2396 | D:4      | Found a shimmering altar of Xom.
  2442 | D:4      | Found a hazy altar of Hepliaklqana.
  2543 | D:4      | Found a white marble altar of Elyvilon.
  2745 | D:4      | Noticed Sigmund
  2757 | D:4      | Killed Sigmund
  2757 | D:4      | Reached skill level 5 in Unarmed Combat
  2757 | D:4      | Reached XP level 7. HP: 46/68 MP: 6/6
  2932 | D:5      | Entered Level 5 of the Dungeon
  3087 | D:5      | Found a shattered altar of Ashenzari.
  3102 | D:5      | Noticed Grinder
  3140 | D:5      | Killed Grinder
  3185 | D:5      | Reached skill level 6 in Unarmed Combat
  3185 | D:5      | Reached XP level 8. HP: 49/78 MP: 7/7
  3193 | D:5      | Gained mutation: Your magical capacity is low. (-10% MP) [mutagenic meat]
  3194 | D:5      | Gained mutation: You are partially covered in thin metallic scales. (AC +2) [mutagenic meat]
  3200 | D:5      | Noticed Edmund
  3273 | D:5      | Killed Edmund
  3395 | D:5      | Noticed Menkaure
  3402 | D:5      | Killed Menkaure
  3608 | D:5      | Noticed Eustachio
  3616 | D:5      | Killed Eustachio
  3616 | D:5      | Reached skill level 7 in Unarmed Combat
  3746 | D:6      | Reached skill level 5 in Fighting
  3762 | D:6      | Reached skill level 5 in Shields
  4072 | D:6      | Found a staircase to the Ecumenical Temple.
  4131 | D:6      | Reached skill level 5 in Dodging
  4132 | D:6      | Found a snail-covered altar of Cheibriados.
  4239 | Temple   | Entered the Ecumenical Temple
  4317 | Temple   | Became a worshipper of Makhleb the Destroyer
  4385 | D:6      | Reached XP level 9. HP: 83/88 MP: 7/7
  4606 | D:7      | Noticed Pikel
  4695 | D:6      | Killed Pikel
  4695 | D:6      | Reached skill level 8 in Unarmed Combat
  4768 | D:7      | Reached * piety under Makhleb
  4829 | D:7      | Found a runed door.
  4920 | D:7      | Found a sacrificial altar of Ru.
  5232 | D:7      | Noticed Crazy Yiuf
  5238 | D:7      | Killed Crazy Yiuf
  5361 | D:8      | Reached skill level 1 in Invocations
  5974 | D:8      | Reached ** piety under Makhleb
  6043 | D:8      | Reached skill level 9 in Unarmed Combat
  6052 | D:8      | Reached XP level 10. HP: 91/98 MP: 9/9
  6349 | D:8      | Noticed a two-headed ogre
  6359 | D:8      | Killed a two-headed ogre
  6907 | D:9      | Found a sparkling altar of Nemelex Xobeh.
  6945 | D:9      | Found a staircase to the Orcish Mines.
  6986 | D:9      | Reached *** piety under Makhleb
  6986 | D:9      | Reached skill level 10 in Unarmed Combat
  7023 | D:9      | Found Loususae's Book Shoppe.
  7105 | D:9      | Noticed Psyche
  7116 | D:9      | Killed Psyche
  7217 | D:9      | Found a radiant altar of Vehumet.
  7379 | D:10     | Entered Level 10 of the Dungeon
  7451 | D:10     | Noticed a gargoyle
  7473 | D:10     | Killed a gargoyle
  7491 | D:10     | Noticed a two-headed ogre
  7501 | D:10     | Killed a two-headed ogre
  7501 | D:10     | Reached XP level 11. HP: 107/107 MP: 11/11
  7747 | D:10     | Reached **** piety under Makhleb
  8403 | D:11     | Noticed a two-headed ogre
  8413 | D:11     | Killed a two-headed ogre
  8487 | D:10     | Reached skill level 11 in Unarmed Combat
  8986 | D:11     | Reached skill level 1 in Throwing
  9015 | D:11     | Found a staircase to the Lair.
  9080 | D:11     | Reached skill level 5 in Invocations
  9269 | D:11     | Noticed Snorg
  9363 | D:11     | Reached ***** piety under Makhleb
  9403 | D:11     | Killed an unseen horror
  9657 | D:11     | Killed an unseen horror
  9699 | D:11     | Noticed Harold
  9708 | D:11     | Killed Harold
  9782 | D:11     | Reached XP level 12. HP: 118/118 MP: 13/13
  9785 | D:11     | Noticed a two-headed hydra
  9806 | D:11     | Killed a two-headed hydra
 10130 | Lair:1   | Entered Level 1 of the Lair of Beasts
 10576 | Lair:1   | Reached skill level 12 in Unarmed Combat
 10844 | Lair:1   | Noticed a four-headed hydra
 10860 | Lair:1   | Killed a four-headed hydra
 11215 | Lair:2   | Got a crude graven amulet
 11216 | Lair:2   | Identified the amulet "Fupoff" {rF+ Regen+ Stlth+} (You found it on level 2 of the Lair of Beasts)
 11245 | Lair:2   | Found a frozen archway.
 11304 | IceCv    | Entered an ice cave
 11800 | IceCv    | Noticed a death yak
 11800 | IceCv    | Noticed a frost giant
 11834 | IceCv    | Killed a frost giant
 11834 | IceCv    | Reached skill level 13 in Unarmed Combat
 11834 | IceCv    | Reached XP level 13. HP: 67/128 MP: 15/15
 13143 | Lair:3   | Reached ****** piety under Makhleb
 14158 | Lair:4   | Found a staircase to the Swamp.
 14300 | Lair:4   | Found a staircase to the Snake Pit.
 15104 | Lair:5   | Reached skill level 14 in Unarmed Combat
 15106 | Lair:5   | Found a viscous altar of Jiyva.
 15107 | Lair:5   | Found a staircase to the Slime Pits.
 15814 | Lair:6   | Entered Level 6 of the Lair of Beasts
 16034 | Lair:6   | Reached XP level 14. HP: 140/140 MP: 16/16
 16243 | Lair:6   | Reached skill level 1 in Armour
 17226 | D:11     | Killed Snorg
 17367 | D:12     | Found Omulanwy's Jewellery Boutique.
 17422 | D:12     | Noticed Rupert
 17429 | D:12     | Paralysed by Rupert for 3 turns
 17437 | D:12     | Killed Rupert
 17437 | D:12     | Reached skill level 5 in Armour
 17586 | D:12     | Lost mutation: Your magical capacity is low. (-10% MP) [potion of mutation]
 17586 | D:12     | Gained mutation: You are weak. (Str -2) [potion of mutation]
 17586 | D:12     | Gained mutation: You evolve. [potion of mutation]
 17586 | D:12     | Gained mutation: You can translocate small distances at will. [potion of mutation]
 17637 | D:12     | Found a sacrificial altar of Ru.
 18502 | Orc:1    | Entered Level 1 of the Orcish Mines
 18908 | Orc:1    | Paralysed by an orc sorcerer for 6 turns
 18995 | Orc:2    | Entered Level 2 of the Orcish Mines
 19008 | Orc:2    | Paralysed by an orc sorcerer for 7 turns
 19025 | Orc:2    | Found a staircase to the Elven Halls.
 19035 | Orc:2    | Found a labyrinth entrance.
 19069 | Lab      | Entered a labyrinth
 19431 | Lab      | Identified the Collected Works on Poisoning and Hexes
 19441 | Lab      | Got a steaming ruby amulet
 19441 | Lab      | Got an ancient marble ring
 19443 | Lab      | Identified the ring "Ypad" {rPois Dex+5} (You found it in a labyrinth)
 19445 | Lab      | Identified the amulet of Ecwix {+Rage rN+ MP+9 Str+3} (You found it in a labyrinth)
 19519 | Orc:2    | Found a roughly hewn altar of Beogh.
 20016 | Orc:2    | Found an ancient bone altar of Kikubaaqudgha.
 20035 | Orc:2    | Found Usaegiv's Antique Weapon Shop.
 20048 | Orc:2    | Noticed Erolcha
 20062 | Orc:2    | Killed Erolcha
 20062 | Orc:2    | Reached XP level 15. HP: 143/146 MP: 21/21
 20091 | Orc:2    | Found a radiant altar of Vehumet.
 20118 | Orc:2    | Found a roughly hewn altar of Beogh.
 20118 | Orc:2    | Found Vuapuc's Gadget Boutique.
 20120 | Orc:2    | Found Ciosan's Distillery.
 20141 | Orc:2    | Found Caups's Book Boutique.
 20154 | Orc:2    | Bought a potion of heal wounds for 75 gold pieces
 20163 | Orc:2    | Bought a manual of Armour for 1876 gold pieces
 20216 | Orc:2    | Gained mutation: Your spells are a little harder to cast, but a little more powerful. [evolution]
 20216 | Orc:2    | Lost mutation: You evolve. [end of evolution]
 20863 | D:13     | Reached skill level 10 in Invocations
 20864 | D:13     | Noticed Urug
 20881 | D:13     | Killed Urug
 21328 | D:13     | Found a gate to the Vaults.
 21429 | D:13     | Noticed shugdite's ghost (journeyman MiFi)
 21445 | D:13     | Killed shugdite's ghost
 22966 | D:15     | Entered Level 15 of the Dungeon
 23043 | D:15     | Found a shadowy altar of Dithmenos.
 23346 | D:15     | Identified a scroll of acquirement
 23474 | D:15     | Reached skill level 10 in Armour
 23474 | D:15     | Reached skill level 15 in Unarmed Combat
 23934 | D:15     | Found a staircase to the Depths.
 24540 | Swamp:1  | Entered Level 1 of the Swamp
 25067 | Swamp:1  | Reached XP level 16. HP: 86/158 MP: 22/22
 25598 | Swamp:2  | Noticed a thorn hunter
 25611 | Swamp:2  | Killed a thorn hunter
 25708 | Swamp:2  | Reached skill level 10 in Fighting
 26150 | Swamp:2  | Reached skill level 10 in Shields
 26348 | Swamp:3  | Noticed a thorn hunter
 26357 | Swamp:3  | Killed a thorn hunter
 27599 | Swamp:4  | Entered Level 4 of the Swamp
 27891 | Swamp:4  | Noticed a thorn hunter
 28016 | Swamp:4  | Killed a thorn hunter
 28016 | Swamp:4  | Reached skill level 16 in Unarmed Combat
 28558 | Swamp:4  | Noticed the 27-headed Lernaean hydra
 28572 | Swamp:4  | HP: 7/159 [the 26-headed Lernaean hydra (8)]
 28572 | Swamp:4  | Slain by the 26-headed Lernaean hydra

Skill      XL: |  1  2  3  4  5  6  7  8  9 10 11 12 13 14 15 16 |
---------------+-------------------------------------------------+-----
Dodging        | 3 4 5 6 7 8 9 |  9.3
Shields        | 3 4 5 6 7 8 9 10 | 10.3
Unarmed Combat | 3 4 5 6 7 9 10 11 13 14 15 16 | 16.1
Fighting       | 3 4 5 6 7 8 9 10 | 10.4
Invocations    | 1 3 5 6 7 9 10 11 | 11.1
Throwing       | 2 |  2.0
Armour         | 7 10 12 | 12.5

Action                   |  1- 3 |  4- 6 |  7- 9 | 10-12 | 13-15 | 16-18 || total
-------------------------+-------+-------+-------+-------+-------+-------++-------
Melee: Unarmed           |    99 |   131 |   397 |   887 |  1666 |   458 ||  3638
Throw: Large rock        |       |       |       |     3 |    22 |    41 ||    66
       Throwing net      |       |       |       |     2 |     1 |     2 ||     5
Invok: Major Destruction |       |       |       |     1 |     1 |     3 ||     5
       Lesser Servant of |       |       |       |     3 |    12 |       ||    15
       Greater Servant o |       |       |       |       |     6 |     8 ||    14
  Use: Scroll            |     2 |     4 |     7 |    12 |    17 |     2 ||    44
       Potion            |       |     1 |     3 |     5 |     3 |     1 ||    13
 Stab: Sleeping          |       |     2 |       |     1 |    14 |       ||    17
       Distracted        |       |       |       |       |     3 |       ||     3
       Confused          |       |       |       |       |     2 |     1 ||     3
  Eat: Chunk             |    18 |    13 |    19 |    63 |   108 |    24 ||   245
       Bread ration      |       |       |     1 |       |       |     1 ||     2
       Meat ration       |       |       |       |     1 |     1 |     1 ||     3
       Royal jelly       |       |       |       |       |     2 |     1 ||     3
       Fruit             |       |       |       |       |     1 |       ||     1
Armor: Robe              |    24 |    30 |    95 |   238 |    47 |       ||   434
       Skin              |       |       |       |     9 |       |       ||     9
       Swamp dragon scal |       |       |       |       |   340 |       ||   340
       Fire dragon scale |       |       |       |       |   137 |   346 ||   483
Dodge: Dodged            |    21 |    38 |   146 |   367 |   481 |   247 ||  1300
Block: Shield            |    34 |    43 |   190 |   222 |       |       ||   489
       Large shield      |       |       |       |   461 |  1423 |   619 ||  2503
